 Dungeon Crawl Stone Soup version 0.20-a0-833-gc632bec (webtiles) character file.

86 Santreim the Conjurer (level 4, -4/24 HPs)
             Began as a Deep Elf Conjurer on Mar 7, 2017.
             Was an Initiate of Elyvilon.
             Slain by a hobgoblin
             ... wielding a +0 club
              (6 damage)
             ... on level 2 of the Dungeon.
             The game lasted 00:12:00 (2124 turns).

Santreim the Conjurer (Deep Elf Conjurer)           Turns: 2124, Time: 00:12:01

Health: -4/24      AC:  2    Str:  5    XL:     4   Next: 27%
Magic:  2/12       EV: 13    Int: 21    God:    Elyvilon [......]
Gold:   66         SH:  0    Dex: 15    Spells: 1/11 levels left

rFire    . . .     SeeInvis .   g - -2 short sword (curse)
rCold    . . .     Gourm    .   r - +0 robe
rNeg     . . .     Faith    .   (no shield)
rPois    .         Spirit   .   (no helmet)
rElec    .         Reflect  .   (no cloak)
rCorr    .         Harm     .   (no gloves)
MR       .....     Rnd*Tele +   (no boots)
Stlth    +++.......             (no amulet)
Regen    0.1/turn               j - ring of teleportation (curse)
MPRegen  0.2/turn               d - ring of stealth

@: no status effects
A: no striking features
a: Renounce Religion


You were on level 2 of the Dungeon.
You worshipped Elyvilon.
Elyvilon was noncommittal.
You were not hungry.

You visited 1 branch of the dungeon, and saw 2 of its levels.

You collected 66 gold pieces.

Inventory:

Hand Weapons
 g - a cursed -2 short sword (weapon)
Armour
 a - a +0 robe
 k - a +0 robe
 r - a +0 robe (worn)
Jewellery
 d - a ring of stealth (left hand)
 j - a cursed ring of teleportation (right hand)
Wands
 q - a wand of acid (8/15)
Scrolls
 e - 3 scrolls of teleportation
 i - a scroll of magic mapping
 n - a scroll of enchant weapon
 p - a scroll of remove curse {unknown}
 s - a scroll of identify
Potions
 f - a potion of brilliance {unknown}
 h - a potion of might {unknown}
 l - a potion of curing {unknown}
Books
 b - a book of Conjurations

   Spells                             Type                      Level
   a - Magic Dart                     Conjuration                  1
   b - Searing Ray                    Conjuration                  2
   c - Dazzling Spray                 Conjuration/Hexes            3
   d - Fulminant Prism                Conjuration/Hexes            4
   e - Force Lance                    Conjuration/Translocation    4
   f - Iskenderun's Mystic Blast      Conjuration                  4
Comestibles
 c - 2 bread rations
 o - 2 royal jellies


   Skills:
 + Level 2.9 Dodging
 + Level 2.8 Stealth
 + Level 4.0 Spellcasting
 + Level 5.5 Conjurations


You had one spell level left.
You knew the following spells:

 Your Spells              Type           Power        Failure   Level  Hunger
a - Magic Dart            Conj           ####         1%          1    None
b - Searing Ray           Conj           ####..       1%          2    #......
c - Dazzling Spray        Conj/Hex       ###...       14%         3    ###....
d - Iskenderun's Mystic   Conj           ####....     14%         4    ####...


Dungeon Overview and Level Annotations

Branches:
Dungeon (2/15)

Altars:
Elyvilon
Ru


Message History

Press: ? - help, Shift-Dir - straight line, f/p - hobgoblin
Aim: a hobgoblin, wielding a club (moderately wounded)
The magic dart hits the hobgoblin.
The hobgoblin is almost dead.
The gnoll hits you from afar with a spear!
* * * LOW HITPOINT WARNING * * *
The hobgoblin hits you with a club.
* * * LOW HITPOINT WARNING * * *
You closely miss the hobgoblin.
The hobgoblin is almost dead.
The gnoll closely misses you. The hobgoblin hits you with a club.
* * * LOW HITPOINT WARNING * * *
The gnoll hits you but does no damage.
Casting: Magic Dart
Confirm with . or Enter, or press ? or * to list all spells.
Okay, then.
As you read the scroll of immolation, it crumbles to dust.
The creatures around you are filled with an inner flame!
The gnoll misses you. The hobgoblin hits you with a club.
You die...

##.## # #...# # #.P(# #
# #...# .# # ##.## #.
###### #..# . .......
#.#########<#.# .>#####
........g##.#.# #######
.......@g.....###.......
#.######.##.###.........
#.g.g.).g.#######
#.#######ยง8...>_# #.#
#.####### #.#
###........ #.#
#.......... ..#
#.######### #. ####


You could see 2 gnolls and a hobgoblin (inner flame).

Vanquished Creatures
  A gnoll (D:2)
  4 adders (D:2)
  A giant cockroach (D:2)
  5 goblins
  6 hobgoblins (D:1)
  3 jackals (D:2)
  2 ball pythons (D:1)
  9 bats
  3 frilled lizards (D:1)
  5 kobolds
  4 rats
43 creatures vanquished.

Notes
Turn   | Place    | Note
-------+----------+-------------------------------------------
     0 | D:1      | Santreim the Deep Elf Conjurer began the quest for the Orb.
     0 | D:1      | Reached XP level 1. HP: 10/10 MP: 6/6
   151 | D:1      | Reached XP level 2. HP: 12/15 MP: 2/8
   252 | D:1      | Learned a level 2 spell: Searing Ray
   524 | D:1      | Reached skill level 5 in Conjurations
  1368 | D:1      | You fall through a shaft!
  1371 | D:2      | Reached XP level 3. HP: 19/19 MP: 6/10
  1676 | D:2      | Reached XP level 4. HP: 11/24 MP: 0/11
  1908 | D:2      | Learned a level 3 spell: Dazzling Spray
  1913 | D:2      | Learned a level 4 spell: Iskenderun's Mystic Blast
  2029 | D:2      | Found a white marble altar of Elyvilon.
  2052 | D:2      | Became a worshipper of Elyvilon the Healer
  2106 | D:2      | Found a sacrificial altar of Ru.
  2124 | D:2      | Slain by a hobgoblin

Vault maps used:
D:1:      dpeg_arrival_three_same_balls
D:2:      elyvilon_altar_1, first_bread, lemuel_statue_altar

Skill      XL: |  1  2  3  4 |
---------------+-------------+-----
Conjurations   | 5 |  5.5
Spellcasting   | 4 |  4.0
Dodging        | |  2.9
Stealth        | |  2.8

Action                   |  1- 3 |  4- 6 || total
-------------------------+-------+-------++-------
Melee: Short sword       |    17 |     3 ||    20
 Cast: Magic Dart        |    66 |    22 ||    88
       Searing Ray       |     3 |       ||     3
  Use: Scroll            |     5 |     1 ||     6
 Stab: Sleeping          |     1 |       ||     1
  Eat: Bread ration      |     1 |       ||     1
Armor: Robe              |     1 |     1 ||     2
Dodge: Dodged            |    27 |    10 ||    37
